 Dungeon Crawl Stone Soup version 0.17-a0-1685-g57e755e (webtiles) character file.

218 kae the Ruffian (level 5, -2/41 HPs)
             Began as a Ghoul Gladiator on Aug 19, 2015.
             Slain by a worker ant (5 damage)
             ... on level 4 of the Dungeon.
             The game lasted 00:03:02 (2018 turns).

kae the Ruffian (Ghoul Gladiator)                   Turns: 2018, Time: 00:03:02

Health: -2/41      AC:  5    Str: 19    XL:     5   Next: 95%
Magic:  4/4        EV: 12    Int:  4    God:
Gold:   152        SH:  0    Dex:  9    Spells: 0 memorised, 4 levels left

rFire  . . .     SeeInvis .       - Unarmed
rCold  + . .     Clarity  .     a - +0 leather armour
rNeg   + + +     SustAt   .     (no shield)
rPois  ∞         Gourm    .     b - +0 helmet
rElec  .         Spirit   .     (no cloak)
rCorr  .         Warding  .     (no gloves)
rMut   .         Stasis   .     i - +0 pair of boots
MR     .....                    (no amulet)
Stlth  +.........               (no ring)
                                (no ring)

@: rotting, not resistant to hostile enchantments, very unstealthy
A: rotting body, claws 1, carnivore 3, cold resistance 1, negative energy
resistance 3, slow healing 1, torment resistance, unbreathing
a: no special abilities


You were on level 4 of the Dungeon.
You were not hungry.

You visited 1 branch of the dungeon, and saw 4 of its levels.

You collected 201 gold pieces.
You spent 49 gold pieces at shops.

Inventory:

Missiles
 c - 3 throwing nets (quivered)
Armour
 a - a +0 leather armour (worn)
 b - a +0 helmet (worn)
 i - a +0 pair of boots (worn)
Jewellery
 q - a +2 ring of dexterity {unknown}
 r - an uncursed amulet of resist mutation {unknown}
 s - a cursed ring of teleportation {unknown}
Magical devices
 f - a wand of enslavement (7)
 o - a wand of flame (31)
Scrolls
 g - a scroll of noise {unknown}
 h - 2 scrolls of teleportation {unknown}
 l - 3 scrolls of remove curse {unknown}
 n - a scroll of fear {unknown}
 p - 3 scrolls of identify {unknown}
Potions
 e - a potion of lignification {unknown}
 k - a potion of brilliance {unknown}
 m - 2 potions of resistance {unknown}
 t - a potion of heal wounds {unknown}
Comestibles
 d - 4 meat rations


   Skills:
 - Level 2.1 Fighting
 - Level 1.7 Throwing
 - Level 2.6 Dodging
 + Level 7.0 Unarmed Combat


You had 4 spell levels left.
You didn't know any spells.

Dungeon Overview and Level Annotations

Branches:
Dungeon (4/15)
 Temple: D:4-7

Altars:
Cheibriados
Vehumet
The Shining One

Shops:
D:4 =


Innate Abilities, Weirdness & Mutations

Your body is rotting away.
You thrive on raw meat.
You are immune to poison.
You have sharp fingernails.
You are carnivorous and can eat meat at any time.
Your flesh is cold resistant.
You are immune to negative energy.
You heal slowly when monsters are visible.
You are immune to unholy pain and torment.
You can survive without breathing.


Message History

The worker ant barely misses you.
The orc priest calls upon Beogh to heal the orc.
The orc's wounds heal themselves!
You barely miss the worker ant.
The worker ant is moderately wounded.
The orc hits you with a mace.
The worker ant bites you but does no damage.
You scratch the orc.
The orc is lightly wounded.
The worker ant bites you but does no damage.
The orc misses you.
You closely miss the worker ant. You claw the worker ant.
The worker ant is severely wounded.
The orc priest invokes the aid of Beogh against you.
Something smites you!
* * * LOW HITPOINT WARNING * * *
The worker ant bites you but does no damage.
The orc closely misses you. The worker ant bites you.
You die...

#### ..... ..#.. ###
........# ..#...#.#
....[...#######
####################l.......
.................o.o)o......
<.......#.......@a.##.#.....
>..............[#### .# ....
.######.#######.# .# ###
.### #.# #.# .#
...####.#######.. .#
...##.(......(.#.. ..
...##.#.######.#..#
.#'##.#........#..#
.#∩#....########..#


You could see a worker ant, an orc priest, 2 orcs and a giant newt.

Vanquished Creatures
  A hound (D:4)
  A worker ant (D:4)
  6 adders
  An ooze (D:2)
  6 worms
  5 giant geckos
  2 orcs
  7 bats
  5 giant cockroaches
  14 hobgoblins
  12 kobolds
  2 ball pythons
  2 giant newts
  11 goblins
  2 quokkas
  9 rats
86 creatures vanquished.

Notes
Turn   | Place    | Note
--------------------------------------------------------------
     0 | D:1      | kae the Ghoul Gladiator began the quest for the Orb.
     0 | D:1      | Reached XP level 1. HP: 17/17 MP: 0/0
   131 | D:1      | Reached XP level 2. HP: 21/24 MP: 1/1
   139 | D:1      | Reached skill level 4 in Unarmed Combat
   219 | D:1      | You fall through a shaft!
   259 | D:2      | Reached XP level 3. HP: 21/29 MP: 2/2
   447 | D:1      | Reached skill level 5 in Unarmed Combat
   735 | D:2      | Reached XP level 4. HP: 33/36 MP: 3/3
   888 | D:2      | Found a radiant altar of Vehumet.
  1398 | D:3      | Found a snail-covered altar of Cheibriados.
  1524 | D:3      | Reached skill level 6 in Unarmed Combat
  1524 | D:3      | Reached XP level 5. HP: 40/40 MP: 4/4
  1659 | D:3      | Found a glowing golden altar of the Shining One.
  1891 | D:4      | Found Muipoga's Jewellery Shoppe.
  1943 | D:4      | Bought a cursed ring of loudness for 49 gold pieces
  1992 | D:4      | Reached skill level 7 in Unarmed Combat
  2018 | D:4      | Slain by a worker ant

Vault maps used:
D:1:      lightli_arrival_boilingwater
D:2:      old_standard_altar, minmay_goblin_outpost
D:3:      cheibriados_altar_1, tso_metal_star, corner_web_ring, eino_curves_02
D:4:      kennysheep_little_box, lemuel_coloured_pillars_altar, serial_shops,
          nicolae_shop_window_shopping

Action                   |  1- 3 |  4- 6 || total
-------------------------+-------+-------++-------
Melee: Unarmed           |   120 |   198 ||   318
  Use: Potion            |       |     4 ||     4
  Eat: Chunk             |    14 |    20 ||    34
